 Dungeon Crawl Stone Soup version 0.29.1-1-gd02db6906a (webtiles) character file.

Game seed: 5350986413385933939

62 Snarg the Shooter (level 4, -1/25 HPs)
             Began as a Kobold Arcane Marksman on Oct 1, 2022.
             Was a Believer of Zin.
             Slain by an adder (3 damage)
             ... on level 3 of the Dungeon.
             The game lasted 00:10:04 (2650 turns).

Snarg the Shooter (Kobold Arcane Marksman)          Turns: 2650, Time: 00:10:05

Health: -1/25      AC:  2    Str:  7    XL:     4   Next: 28%
Magic:  4/5        EV: 15    Int: 14    God:    Zin [**....]
Gold:   40         SH:  0    Dex: 17    Spells: 4/5 levels left

rFire   . . .      SeeInvis .   a - +0 dagger
rCold   . . .      Faith    .   (no shield)
rNeg    . . .      Spirit   .   c - +0 robe
rPois   .          Reflect  .   d - +0 hat
rElec   .          Harm     .   (no cloak)
rCorr   .          Rampage  .   (no gloves)
Will    .....                   (no boots)
Stlth   +++.......              (no amulet)
HPRegen 0.08/turn               (no ring)
MPRegen 0.09/turn               (no ring)

@: mighty, lethally poisoned (-1 -> -5)
A: small, no large weapons, nightstalker 3
a: Renounce Religion, Recite, Vitalisation, Donate Gold


You were on level 3 of the Dungeon.
You worshipped Zin.
Zin was pleased with you.
You visited 1 branch of the dungeon, and saw 3 of its levels.

You collected 90 gold pieces.
You donated 50 gold pieces to Zin.

Inventory:

Hand Weapons
 a - a +0 dagger (weapon)
 b - a +1 sling
 o - a +0 short sword
 r - a +0 quarterstaff
 s - a +2 hand axe of freezing
Missiles
 f - 19 stones
 p - 5 boomerangs
 v - 5 poisoned darts
Armour
 c - a +0 robe (worn)
 d - a +0 hat (worn)
 j - a +0 leather armour
Magical Staves
 q - a staff of fire
Jewellery
 t - a ring of ice
Scrolls
 g - a scroll of poison
 k - a scroll of noise {unknown}
 l - a scroll of identify {unknown}
 m - a scroll of vulnerability {unknown}
 u - 2 scrolls of magic mapping {unknown}
Potions
 e - a potion of heal wounds {unknown}
 h - a potion of magic {unknown}
 i - a potion of curing {unknown}
 n - a potion of might
 w - a potion of cancellation {unknown}


   Skills:
 - Level 1.1 Fighting
 + Level 1.0 Short Blades
 + Level 3.9 Ranged Weapons
 + Level 3.2 Dodging
 + Level 1.2 Stealth
 - Level 1.1 Spellcasting
 + Level 3.5 Hexes


You had 4 spell levels left.
You knew the following spells:

 Your Spells              Type           Power      Damage    Failure   Level
a - Slow                  Hex            40%        N/A       6%          1

Your spell library contained the following spells:

 Spells                   Type           Power      Damage    Failure   Level
 Inner Flame              Hex/Fire       5%         N/A       36%         3
 Portal Projectile        Hex/Tloc       10%        N/A       36%         3
 Cause Fear               Hex            5%         N/A       52%         4


Dungeon Overview and Level Annotations

Branches:
Dungeon (3/15)

Altars:
Zin

Annotations:
D:1 clr
D:2 clr


Innate Abilities, Weirdness & Mutations

You are small and have problems with some larger weapons.
You are completely attuned to the shadows.


Message History

The adder is severely wounded.
The adder closely misses you.
You miss the adder.
The adder is severely wounded.
The adder misses you.
You hit the adder.
The adder is almost dead.
The adder bites you.
You are poisoned.
The adder poisons you!
You hit the adder but do no damage.
The adder is almost dead.
You feel sick. The adder barely misses you.
You hear a distant slurping noise.
Casting: Slow (safe; 6% risk of failure)
Confirm with . or Enter, or press ? or * to list all spells.
Aiming: Slow (safe; 6% risk of failure)
Press: ? - help, Shift-Dir - straight line, f/p - adder
Aim: an adder (almost dead, chance to affect: 57%)
The adder seems to slow down.
You feel sick. The adder bites you.
You miss the adder.
The adder is almost dead.
You feel sick. The adder bites you.
* * * LOW HITPOINT WARNING * * *
You are lethally poisoned!
The adder poisons you!
You miss the adder.
The adder is almost dead.
* * * LOW HITPOINT WARNING * * *
You feel sick. The adder completely misses you.
You hit the adder but do no damage.
The adder is almost dead.
* * * LOW HITPOINT WARNING * * *
You feel sick.
Unknown command.
It was a potion of might.
You feel very mighty all of a sudden.
* * * LOW HITPOINT WARNING * * *
You feel sick. The adder bites you.
You die...

##########.#
#........#.#
#.######.#.#
#.#....#.#S#
#.#.#.##.#@#
#.#.#.<#.#.#
#.#.####.#.#
#.#......#.#
#.########.#
#..........#
############


You could see an adder (slow).

Vanquished Creatures
  An adder (D:2)
  2 worms (D:2)
  A dart slug (D:2)
  An orc (D:2)
  4 endoplasms
  2 giant cockroaches
  2 hobgoblins
  4 jackals (D:1)
  2 quokkas
  5 ball pythons
  3 bats (D:1)
  3 frilled lizards
  9 goblins
  2 kobolds
  A rat (D:1)
42 creatures vanquished.

Notes
Turn   | Place    | Note
-------+----------+-------------------------------------------
     0 | D:1      | Snarg the Kobold Arcane Marksman began the quest for the
                  | Orb.
     0 | D:1      | Reached XP level 1. HP: 12/12 MP: 2/2
   229 | D:1      | Reached XP level 2. HP: 11/16 MP: 0/3
  1117 | D:1      | Reached XP level 3. HP: 20/20 MP: 4/4
  1167 | D:1      | Found a faded altar of an unknown god.
  1173 | D:1      | Prayed at the altar of an unknown god.
  1173 | D:1      | Became a worshipper of Zin the Law-Giver
  1173 | D:1      | Reached * piety under Zin
  1902 | D:2      | Reached skill level 1 in Short Blades
  1972 | D:2      | Reached XP level 4. HP: 25/25 MP: 5/5
  2080 | D:2      | Reached ** piety under Zin
  2245 | D:2      | Reached skill level 1 in Stealth
  2508 | D:3      | Donated 41 gold pieces to Zin
  2650 | D:3      | Slain by an adder

Illustrated notes

Levels and vault maps discovered:
D:1:      minmay_arrival_loop, layout_loops_ring,
          chequers_ecumenical_altar_simple_redux
D:2:      layout_loops_ring
D:3:      layout_basic, nicolae_dithmenos_the_darkroom, tso_altar

Skill      XL: |  1  2  3  4 |
---------------+-------------+-----
Dodging        | 3 |  3.2
Ranged Weapons | 3 |  3.9
Short Blades   | 1 |  1.0
Stealth        | 1 |  1.2
Fighting       | |  1.1
Spellcasting   | |  1.1
Hexes          | |  3.5

Action                   |  1- 3 |  4- 6 || total
-------------------------+-------+-------++-------
Melee: Dagger            |    60 |    20 ||    80
       Punch             |       |     1 ||     1
 Fire: Sling             |    62 |    24 ||    86
 Cast: Slow              |    20 |     4 ||    24
Invok: Recite            |       |     1 ||     1
       Donate Gold       |       |     1 ||     1
  Use: Potion            |       |     1 ||     1
 Stab: Sleeping          |     8 |     2 ||    10
Armor: Robe              |    12 |     2 ||    14
Dodge: Dodged            |    70 |    23 ||    93
